 Dungeon Crawl Stone Soup version 0.26-a0-854-gdc81c2f471 (webtiles) character file.

Game seed: 3669278252213477035

1696 iamoutofideas the Grappler (level 8, -1/72 HPs)
             Began as a Troll Hunter on Nov 22, 2020.
             Slain by a gnoll
             ... wielding a cursed -1 spear
              (6 damage)
             ... on level 6 of the Dungeon.
             The game lasted 00:05:29 (5168 turns).

iamoutofideas the Grappler (Troll Hunter)           Turns: 5168, Time: 00:05:30

Health: -1/72      AC:  6    Str: 23    XL:     8   Next: 72%
Magic:  0/7        EV:  5    Int:  7    God:
Gold:   293        SH:  0    Dex: 10    Spells: 7/7 levels left

rFire    . . .     SeeInvis .     - Unarmed
rCold    . . .     Faith    .   (no shield)
rNeg     . . .     Spirit   +   b - +0 robe
rPois    .         Reflect  .   (helmet restricted)
rElec    .         Harm     .   (no cloak)
rCorr    .         Rampage  .   (gloves unavailable)
MR       .....                  (boots unavailable)
Stlth    +.........             m - amulet of guardian spirit
HPRegen  0.62/turn              (no ring)
MPRegen  0.10/turn              (no ring)

@: flying, held
A: large, unfitting armour, claws 3, regeneration 1, shaggy fur 1, tough skin 3
a: no special abilities


You were on level 6 of the Dungeon.
You visited 2 branches of the dungeon, and saw 7 of its levels.

You collected 293 gold pieces.

Inventory:

Missiles
 c - 5 large rocks (quivered)
 d - 2 throwing nets
 j - 6 boomerangs
 s - 8 atropa-tipped darts
Armour
 b - a +0 robe (worn)
Jewellery
 m - an amulet of guardian spirit (around neck)
 v - an uncursed amulet of reflection {unknown}
 w - an uncursed amulet of the acrobat {unknown}
 y - a +4 ring of evasion {unknown}
Wands
 t - a wand of iceblast (9)
Scrolls
 a - 2 scrolls of magic mapping {unknown}
 e - 3 scrolls of remove curse {unknown}
 h - 2 scrolls of teleportation {unknown}
 i - a scroll of amnesia {unknown}
 k - 9 scrolls of identify {unknown}
 n - 2 scrolls of blinking {unknown}
 o - a scroll of enchant armour {unknown}
 p - 6 scrolls of immolation {unknown}
 q - 3 scrolls of enchant weapon {unknown}
 x - 3 scrolls of fear {unknown}
Potions
 r - a potion of berserk rage {unknown}
 u - 2 potions of lignification {unknown}
 z - a potion of haste {unknown}
 A - a potion of might {unknown}
 B - a potion of magic {unknown}
 C - a potion of mutation {unknown}


   Skills:
 + Level 2.1 Fighting
 + Level 3.8 Throwing
 + Level 3.0 Dodging
 - Level 0.3 Stealth
 - Level 10.3 Unarmed Combat


You had 7 spell levels left.
You didn't know any spells.
Your spell library was empty.

Dungeon Overview and Level Annotations

Branches:
Dungeon (6/15)             Temple (1/1) D:4

Altars:
Ashenzari
Cheibriados
Dithmenos
Elyvilon
Fedhas
Gozag
Hepliaklqana
Kikubaaqudgha
Makhleb
Nemelex Xobeh
Qazlal
Ru
Sif Muna
Trog
Uskayaw
Vehumet
Wu Jian
Xom
Yredelemnul
Zin
The Shining One

Shops:
D:4 [


Innate Abilities, Weirdness & Mutations

You are too large for most types of armour.
You have claws for hands.
Your natural rate of healing is unusually fast.
You are covered in fur. (AC +1)
You have extremely tough skin. (AC +3)


Message History

The gnoll completely misses you. The gnoll misses you.
The gnoll hits you but does no damage.
Unknown command.
The jackal bites you but does no damage.
The gnoll throws a throwing net.
The throwing net hits you.
You become entangled in the net!
The leopard gecko bites you.
* * * LOW HITPOINT WARNING * * *
You see here a throwing net.
You struggle against the net.
The jackal barely misses you. The leopard gecko bites you.
* * * LOW HITPOINT WARNING * * *
Unknown command.
You feel better.
The jackal bites you but does no damage.
The gnoll shaman hits you with a cursed +0 club.
* * * LOW HITPOINT WARNING * * *
The leopard gecko bites you.
* * * LOW HITPOINT WARNING * * *
The gnoll hits you from afar with a cursed -1 spear.
You die...

#.... ..# #....
...## .....# ....#
....##... ...
....... .... #....#
.... #...g## ...#
...#..@l.# #..###
......gghg###[.....
.......Fgg.<...#
.......#.....>##
............#.#
..................#
..................#
......#............
.....#....≈≈...≈≈≈


You could see a bullfrog, a gnoll shaman, 5 gnolls, a leopard gecko and a
jackal.

Vanquished Creatures
  Pikel (D:3)
  A sky beast (D:5)
  An ice beast (D:5)
  A centaur (D:4)
  3 lemures (D:3)
  Blork the orc (D:4)
  2 scorpions (D:4)
  2 howler monkeys (D:5)
  2 jellies (D:5)
  A bullfrog skeleton (D:4)
  A bullfrog zombie (D:5)
  3 hounds
  An iguana (D:4)
  Ijyb (D:3)
  Natasha (twice) (D:3)
  2 worker ants (D:4)
  Robin (D:2)
  12 gnolls
  10 adders
  An adder zombie (D:5)
  An ooze (D:2)
  4 worms
  6 dart slugs
  A leopard gecko (D:5)
  5 orcs (D:5)
  3 ball pythons
  5 giant cockroaches
  20 goblins
  10 hobgoblins
  3 jackals (D:5)
  4 quokkas
  12 bats
  A frilled lizard (D:1)
  13 kobolds
  6 rats
143 creatures vanquished.

Notes
Turn   | Place    | Note
-------+----------+-------------------------------------------
     0 | D:1      | iamoutofideas the Troll Hunter began the quest for the Orb.
     0 | D:1      | Reached XP level 1. HP: 19/19 MP: 0/0
   162 | D:1      | Reached XP level 2. HP: 27/27 MP: 1/1
   174 | D:1      | Reached skill level 1 in Unarmed Combat
   445 | D:1      | Reached skill level 2 in Unarmed Combat
   532 | D:1      | Reached XP level 3. HP: 33/33 MP: 2/2
   925 | D:2      | Found a shimmering altar of Xom.
   946 | D:2      | Noticed Robin
   955 | D:2      | Reached skill level 3 in Unarmed Combat
   982 | D:2      | Killed Robin
   983 | D:2      | Reached XP level 4. HP: 32/41 MP: 3/3
  1057 | D:2      | You fall into a shaft and drop 2 floors!
  1126 | D:3      | Reached skill level 4 in Unarmed Combat
  1195 | D:2      | Reached XP level 5. HP: 45/48 MP: 4/4
  1476 | D:2      | Found a hide-covered altar of Uskayaw.
  1483 | D:2      | Reached skill level 5 in Unarmed Combat
  1684 | D:2      | Found a broken altar of Ashenzari.
  1684 | D:2      | Found a blossoming altar of Fedhas.
  1735 | D:2      | You fall into a shaft and drop 1 floor!
  1736 | D:3      | Noticed Ijyb
  1742 | D:3      | Killed Ijyb
  1845 | D:3      | Found an ornate altar of the Wu Jian Council.
  1869 | D:3      | Found a snail-covered altar of Cheibriados.
  1869 | D:3      | Found a hazy altar of Hepliaklqana.
  1870 | D:3      | Found a glowing silver altar of Zin.
  1873 | D:3      | Found a radiant altar of Vehumet.
  2341 | D:3      | Noticed Natasha
  2347 | D:3      | Killed Natasha
  2348 | D:3      | Reached XP level 6. HP: 55/55 MP: 5/5
  2418 | D:3      | Noticed Natasha
  2426 | D:3      | Killed Natasha
  2536 | D:3      | Reached skill level 6 in Unarmed Combat
  2697 | D:2      | Found a shimmering altar of Xom.
  2698 | D:2      | Found a shimmering altar of Xom.
  2865 | D:4      | Found a sparkling altar of Nemelex Xobeh.
  2948 | D:4      | Noticed Blork the orc
  2961 | D:4      | Killed Blork the orc
  3007 | D:4      | Noticed Pikel
  3173 | D:3      | Killed Pikel
  3174 | D:3      | Reached skill level 8 in Unarmed Combat
  3174 | D:3      | Reached XP level 7. HP: 34/62 MP: 2/6
  3480 | D:4      | Found Rounipudd's Armour Shop.
  3494 | D:4      | Reached skill level 9 in Unarmed Combat
  3494 | D:4      | Reached XP level 8. HP: 38/70 MP: 4/7
  3645 | D:4      | Found a staircase to the Ecumenical Temple.
  3668 | Temple   | Entered the Ecumenical Temple
  4133 | D:5      | Entered Level 5 of the Dungeon
  4153 | D:5      | Reached skill level 10 in Unarmed Combat
  5161 | D:6      | HP: 2/72 [gnoll shaman/cursed +0 club (5)]
  5168 | D:6      | Slain by a gnoll

Illustrated notes

Levels and vault maps discovered:
D:1:      wheals_arrival_shading, layout_loops_corners, item_on_display_a
D:2:      layout_loops_ring, lemuel_round_altar, xom_redecorated,
          chequers_temple_overflow_statue_of_worship, minmay_misc_feat_encased,
          minmay_tromino_v7, uniq_robin
D:3:      layout_basic, minitemple, uniq_ijyb, uniq_natasha
D:4:      layout_basic, nemelex_altar_shiori, minmay_temple_entry_large_hall,
          serial_shops, nicolae_shop_competitors_out_of_business, serial_curves,
          eino_curves_03, eino_curves_01, eino_curves_01, uniq_blork_the_orc,
          uniq_pikel
D:5:      minmay_evil_eye, layout_loops_corners, minivault_19,
          kennysheep_generic_room_15
D:6:      layout_cave_pools, serial_gnoll_camp, gnoll_camp_huts_moat,
          gnoll_camp_mini_hut, gnoll_camp_mini_hut, gnoll_camp_mini_shop,
          gnoll_camp_medium_01, gnoll_camp_mini_loothouse
Temple:   minmay_temple_curvy_loop

Skill      XL: |  1  2  3  4  5  6  7  8 |
---------------+-------------------------+-----
Unarmed Combat | 2 3 4 5 8 9 10 | 10.3
Dodging        | 3 |  3.0
Fighting       | 2 |  2.1
Throwing       | |  3.8
Stealth        | |  0.3

Action                   |  1- 3 |  4- 6 |  7- 9 || total
-------------------------+-------+-------+-------++-------
Melee: Unarmed           |   129 |   208 |   113 ||   450
       Punch             |     1 |     2 |     4 ||     7
Throw: Large rock        |       |     3 |       ||     3
  Use: Potion            |       |       |     5 ||     5
 Stab: Sleeping          |     1 |     1 |       ||     2
Armor: Robe              |    66 |    82 |    61 ||   209
Dodge: Dodged            |    89 |    98 |    63 ||   250

Table legend: (Time is in decaauts)
 A = Elapsed time spent in this place.
 B = Non-inter-level travel time spent in this place.
 C = Inter-level travel time spent in this place.
 D = Time resting spent in this place.
 E = Time spent auto-exploring this place.
 F = Levels seen in this place.
 G = Mean time per level.
                   A        B        C        D        E       F      G
               +--------+--------+--------+--------+--------+-----+--------+
         Total |   5132 |   4818 |    314 |    204 |   3685 |   7 |  733.1 |
       Dungeon |   4879 |   4590 |    289 |    204 |   3457 |   6 |  813.2 |
        Temple |    252 |    228 |     24 |      0 |    228 |   1 |  252.0 |
               +--------+--------+--------+--------+--------+-----+--------+

Top non-repeatable levels by time:
     D:3: 1177 daAuts
     D:5: 997 daAuts
     D:4: 916 daAuts
     D:1: 906 daAuts
     D:2: 857 daAuts
  Temple: 252 daAuts
     D:6: 23 daAuts
